 Dungeon Crawl Stone Soup version 0.20.1-1-g8b1a95d (webtiles) character file.

1343 Nattfarinn the Skirmisher (level 8, -4/52 HPs)
             Began as a Gargoyle Berserker on Sept 29, 2017.
             Was a Priest of Trog.
             Slain by Prince Ribbit (10 damage)
             ... on level 5 of the Dungeon.
             The game lasted 00:10:22 (4358 turns).

Nattfarinn the Skirmisher (Gargoyle Berserker)      Turns: 4358, Time: 00:10:22

Health: -4/52      AC: 14    Str: 22    XL:     8   Next: 62%
Magic:  8/8        EV: 12    Int:  7    God:    Trog [***...]
Gold:   273        SH:  0    Dex: 11    Spells: 7/7 levels left

rFire    . . .     SeeInvis .   G - +0 flail (crush)
rCold    . . .     Gourm    .   (no shield)
rNeg     + . .     Faith    .   D - +2 leather armour {MR+}
rPois    ∞         Spirit   .   w - +0 helmet
rElec    +         Reflect  .   z - +0 cloak
rCorr    .         Harm     .   h - +0 pair of gloves
MR       +++..                  (no boots)
Stlth    +.........             (no amulet)
Regen    1.2/turn               (no ring)
MPRegen  0.2/turn               (no ring)

@: berserk cooldown, regenerating, slowed, very slow
A: negative energy resistance 1, electricity resistance, unbreathing,
petrification resistance, rot immunity, AC +5
a: Berserk, Trog's Hand, Burn Spellbooks, Renounce Religion


You were on level 5 of the Dungeon.
You worshipped Trog.
Trog was most pleased with you.
You were very hungry.

You visited 1 branch of the dungeon, and saw 5 of its levels.

You collected 273 gold pieces.

Inventory:

Hand Weapons
 a - a +0 mace
 u - a +2 quarterstaff of chaos
 G - a +0 flail of crushing (weapon)
Armour
 b - a +0 animal skin
 h - a +0 pair of gloves (worn)
 j - a +0 scale mail
 w - a +0 helmet (worn)
 z - a +0 cloak (worn)
 D - a +2 leather armour of magic resistance (worn)
Jewellery
 y - a +4 ring of evasion {unknown}
Wands
 B - a wand of disintegration (11/24)
 F - a wand of acid (1/15)
Scrolls
 d - 6 scrolls of identify {unknown}
 f - a scroll of blinking {unknown}
 g - 2 scrolls of immolation {unknown}
 k - 3 scrolls of remove curse {unknown}
 m - a scroll of magic mapping {unknown}
 n - 3 scrolls of enchant armour {unknown}
 p - a scroll of fear {unknown}
 q - 3 scrolls of amnesia {unknown}
 C - a scroll of fog {unknown}
Potions
 e - 3 potions of curing {unknown}
 i - a potion of brilliance {unknown}
 l - a potion of agility {unknown}
 o - a potion of lignification {unknown}
 r - 3 potions of heal wounds {unknown}
 s - 2 potions of haste {unknown}
 v - a potion of invisibility {unknown}
 x - 3 potions of might
 E - 2 potions of degeneration {unknown}
Comestibles
 c - 5 bread rations
 t - 3 royal jellies
 A - 8 fruits
 H - a chunk of flesh


   Skills:
 * Level 6.6 Fighting
 + Level 6.1(6.8) Maces & Flails
 - Level 4.6(6.1) Staves
 * Level 5.8 Armour
 - Level 1.6 Dodging


You had 7 spell levels left.
You didn't know any spells.

Dungeon Overview and Level Annotations

Branches:
Dungeon (5/15)
 Temple: D:4-7

Altars:
Elyvilon
Sif Muna
The Shining One

Shops:
D:4 }

Annotations:
D:5 Prince Ribbit


Innate Abilities, Weirdness & Mutations

You are resistant to torment.
Your stone body is resilient. (AC +5)
You are immune to poison.
You resist negative energy. (rN+)
You are resistant to electric shocks. (rElec)
You can survive without breathing.
You are immune to petrification.
You are immune to rotting.


Message History

Prince Ribbit is moderately wounded.
Prince Ribbit lets out a mournful croak.
Prince Ribbit barely misses you.
Prince Ribbit hits you but does no damage.
You miss Prince Ribbit.
Prince Ribbit is moderately wounded.
Prince Ribbit completely misses you. Prince Ribbit closely misses you.
You barely miss Prince Ribbit.
Prince Ribbit is moderately wounded.
Prince Ribbit hits you! Prince Ribbit hits you. Prince Ribbit hits you!
* * * LOW HITPOINT WARNING * * *
You are too injured to fight recklessly!
Your skin crawls.
You feel resistant to hostile enchantments.
You feel somewhat more hungry. Prince Ribbit barely misses you.
Prince Ribbit hits you.
* * * LOW HITPOINT WARNING * * *
Prince Ribbit barely misses you. Prince Ribbit hits you!
You die...

# #.# #.# #.# #.#
.######.###.#
............#
#######.##### ##
######.## #.##
.........# ##...##
#######..###.....##
#........F@......#
#.####..###........
#..# ##....### #..#
#.#.# .... .....
##### ....(. #...#
.##


You could see Prince Ribbit.

Vanquished Creatures
  Sigmund (D:4)
  Eustachio (D:4)
  Edmund (D:5)
  Duvessa (D:4)
  An ogre (D:5)
  A centaur (D:5)
  A crimson imp (D:5)
  A hound (D:5)
  2 orc priests
  Crazy Yiuf (D:3)
  A jelly (D:5)
  A bullfrog skeleton (D:4)
  3 orc wizards
  Jessica (D:3)
  Ijyb (D:5)
  3 worker ants
  A hound skeleton (D:5)
  Robin (D:3)
  3 gnolls (D:2)
  8 adders
  An ooze (shapeshifter) (D:4)
  2 oozes
  2 worms
  6 dart slugs
  2 leopard geckos (D:3)
  9 orcs
  3 giant cockroaches
  15 goblins
  5 hobgoblins
  8 jackals
  3 bats
  6 frilled lizards
  A jackal skeleton (D:5)
  5 kobolds
  8 rats
110 creatures vanquished.

Notes
Turn   | Place    | Note
-------+----------+-------------------------------------------
     0 | D:1      | Nattfarinn the Gargoyle Berserker began the quest for the Orb.
     0 | D:1      | Reached XP level 1. HP: 14/14 MP: 1/1
   336 | D:1      | Reached XP level 2. HP: 15/19 MP: 2/2
   563 | D:1      | Reached XP level 3. HP: 24/24 MP: 3/3
   979 | D:2      | Reached XP level 4. HP: 29/29 MP: 4/4
  1196 | D:2      | Reached ** piety under Trog
  1772 | D:3      | Reached XP level 5. HP: 34/34 MP: 5/5
  1934 | D:3      | Found a runed door.
  2099 | D:3      | Noticed Robin
  2120 | D:3      | Killed Robin
  2197 | D:3      | Found a glowing golden altar of the Shining One.
  2197 | D:3      | Noticed Jessica
  2241 | D:3      | Killed Jessica
  2459 | D:3      | Found a deep blue altar of Sif Muna.
  2738 | D:3      | Noticed Crazy Yiuf
  2742 | D:3      | Killed Crazy Yiuf
  2742 | D:3      | Reached skill level 5 in Maces & Flails
  2742 | D:3      | Reached XP level 6. HP: 40/40 MP: 6/6
  2845 | D:4      | Reached skill level 5 in Fighting
  2918 | D:4      | Noticed Eustachio
  2936 | D:4      | Killed Eustachio
  2936 | D:4      | Reached skill level 1 in Staves
  2940 | D:4      | Found Poero's Gadget Boutique.
  2999 | D:4      | Noticed Sigmund
  3009 | D:4      | Killed Sigmund
  3009 | D:4      | Reached XP level 7. HP: 44/44 MP: 7/7
  3186 | D:4      | Noticed Duvessa
  3186 | D:4      | Noticed Dowan
  3196 | D:4      | Killed Duvessa
  3221 | D:4      | Dowan changed into Dowan the killer bee
  3470 | D:4      | Reached *** piety under Trog
  3470 | D:4      | Reached skill level 5 in Armour
  3496 | D:4      | Found a white marble altar of Elyvilon.
  3537 | D:4      | Reached XP level 8. HP: 44/51 MP: 8/8
  3688 | D:5      | Entered Level 5 of the Dungeon
  3690 | D:5      | Noticed Ijyb
  3690 | D:5      | Noticed Edmund
  3702 | D:5      | Killed Ijyb
  3713 | D:5      | Killed Edmund
  4337 | D:5      | Noticed Prince Ribbit
  4358 | D:5      | Slain by Prince Ribbit

Skill      XL: |  1  2  3  4  5  6  7  8 |
---------------+-------------------------+-----
Fighting       | 4 5 6 |  6.6
Maces & Flails | 4 5 6 |  6.1
Armour         | 3 4 5 |  5.8
Staves         | 2 3 4 |  4.6
Dodging        | |  1.6

Action                   |  1- 3 |  4- 6 |  7- 9 || total
-------------------------+-------+-------+-------++-------
Melee: Mace              |    75 |   123 |       ||   198
       Quarterstaff      |       |    44 |    84 ||   128
       Flail             |       |       |    87 ||    87
Invok: Berserk           |     1 |     3 |     4 ||     8
       Trog's Hand       |       |     2 |     2 ||     4
  Eat: Chunk             |       |     2 |     2 ||     4
       Meat ration       |       |     1 |     1 ||     2
       Bread ration      |       |     1 |       ||     1
Armor: Animal skin       |    11 |       |       ||    11
       Scale mail        |    24 |   107 |    25 ||   156
       Leather armour    |       |       |    58 ||    58
Dodge: Dodged            |    44 |    90 |    88 ||   222
